WCHLSIM.com - West Coast Hockey League
html PUBLIC "-//W3C//DTD XHTML 1.0 Transitional//EN" "http://www.w3.org/TR/xhtml1/DTD/xhtml1-transitional.dtd"> WCHL - Game 39 - CALGARY FIREMEN vs LOS ANGELES SEALS

CALGARY FIREMEN vs LOS ANGELES SEALS

Created - 25 avril 2019 at 18:15

Goals
1 2 3 T
CALGARY FIREMEN 0 1 0 1
LOS ANGELES SEALS 2 1 0 3
Shots
1 2 3 T
CALGARY FIREMEN 13 13 7 33
LOS ANGELES SEALS 10 5 9 24

1st period

1. LOS ANGELES SEALS , Adam Lowry 1 (Brock Boeser 3) at 15:27
2. LOS ANGELES SEALS , Shayne Gostisbehere 2 (Justin Williams 3, Henrik Sedin 2) at 18:33

Penalties :
No Penalty

2nd period

3. LOS ANGELES SEALS , Henrik Sedin 1 (Justin Williams 4) at 7:54
4. CALGARY FIREMEN , Filip Forsberg 3 (Viktor Arvidsson 3, Ryan Johansen 6) at 9:07

Penalties :
Dan Hamhuis (LOS) for Tripping (Minor) at 0:32, Adam Lowry (LOS) for Hooking (Minor) at 11:00, Dan Hamhuis (LOS) for Slashing (Minor) at 14:13

3rd period

No Goal

Penalties :
No Penalty

Goalie Stats

Devan Dubnyk (CGY), 21 saves from 24 shots - (0,875), L, 3-2-0, 60:00 minutes
Jonathan Quick (LOS), 32 saves from 33 shots - (0,970), W, 2-2-1, 60:00 minutes

Players Stats for CALGARY FIREMEN

Player Name              G  A  P  +/- PIM S  H  SB GA TA FO     MP     PP MP  PK MP  
------------------------------------------------------------------------------------
Andy Greene              0  0  0  -2  0   1  1  1  0  0  0/0    22:09   0:00   0:00 
Antoine Roussel          0  0  0   0  0   0  2  0  0  0  0/0     7:45   0:00   0:00 
Artturi Lehkonen         0  0  0  -2  0   0  0  0  0  0  0/0    12:26   0:00   0:00 
Austin Watson            0  0  0  -2  0   1  2  0  0  0  1/1    12:26   0:00   0:00 
Brent Seabrook           0  0  0  -2  0   0  0  2  0  0  0/0    21:36   3:12   0:00 
Charlie Coyle            0  0  0  -1  0   2  1  0  0  0  0/1    18:57   2:56   0:00 
Colton Sceviour          0  0  0   0  0   0  0  0  0  0  1/7     7:45   0:00   0:00 
Conor Sheary             0  0  0  -1  0   1  0  0  0  0  1/2    18:57   2:56   0:00 
Daniel Girardi           0  0  0   0  0   0  3  0  0  0  0/0    13:03   0:00   0:00 
Elias Lindholm           0  0  0  -1  0   9  0  0  0  0  12/25  18:57   2:56   0:00 
Filip Forsberg           1  0  1   1  0   7  5  1  0  0  1/2    20:52   3:01   0:00 
Ian Cole                 0  0  0   0  0   0  1  0  0  0  0/0    18:28   3:12   0:00 
Jake Gardiner            0  0  0   0  0   0  1  0  0  0  0/0    22:22   2:45   0:00 
Luke Glendening          0  0  0  -2  0   2  0  0  0  0  4/13   12:26   0:00   0:00 
Marc-Edouard Vlasic      0  0  0   0  0   2  0  1  0  0  0/0    22:22   2:45   0:00 
Oskar Lindblom           0  0  0   0  0   1  0  0  0  0  0/0     7:45   0:00   0:00 
Ryan Johansen            0  1  1   1  0   2  2  0  0  0  19/26  20:52   3:01   0:00 
Viktor Arvidsson         0  1  1   1  0   5  1  0  0  0  0/1    20:52   3:01   0:00 

Players Stats for LOS ANGELES SEALS

Player Name              G  A  P  +/- PIM S  H  SB GA TA FO     MP     PP MP  PK MP  
------------------------------------------------------------------------------------
Adam Lowry               1  0  1   1  2   3  1  1  0  0  16/25  14:09   0:00   1:49 
Alex Goligoski           0  0  0  -1  0   1  3  2  0  0  0/0    23:14   0:00   4:06 
Brock Boeser             0  1  1   1  0   5  0  0  0  0  0/2    16:31   0:00   0:00 
Dan Hamhuis              0  0  0   1  4   0  0  1  0  0  0/0    16:05   0:00   0:27 
David Desharnais         0  0  0   0  0   0  0  0  0  0  2/5     5:08   0:00   0:00 
Derek MacKenzie          0  0  0   0  0   0  0  0  0  0  0/0     7:53   0:00   2:45 
Erik Haula               0  0  0   2  0   0  0  0  0  0  0/0    15:52   0:00   0:37 
Esa Lindell              0  0  0  -1  0   0  0  0  0  0  0/0    20:47   0:00   1:39 
Henrik Sedin             1  1  2   2  0   1  0  0  0  0  6/17   15:15   0:00   0:00 
Justin Williams          0  2  2   2  0   3  1  1  0  0  0/1    18:26   0:00   2:13 
Logan Couture            0  0  0  -1  0   0  0  0  0  0  0/1    21:19   0:00   0:00 
Mark Scheifele           0  0  0  -1  0   3  0  0  0  0  14/26  23:12   0:00   1:53 
Mathieu Perreault        0  0  0   1  0   3  0  0  0  0  1/1    14:58   0:00   2:37 
Mikko Rantanen           0  0  0  -1  0   2  0  0  0  0  0/0    21:19   0:00   0:00 
Nate Prosser             0  0  0   0  0   0  0  1  0  0  0/0     5:55   0:00   0:00 
Nick Holden              0  0  0   2  0   0  0  0  0  0  0/0    16:25   0:00   3:05 
Shayne Gostisbehere      1  0  1   1  0   1  1  0  0  0  0/0    15:55   0:00   0:15 
Stephen Johns            0  0  0   2  0   2  8  0  0  0  0/0    21:37   0:00   2:22 

3 Stars

1 - Jonathan Quick (LOS)
2 - Henrik Sedin (LOS)
3 - Justin Williams (LOS)

Power Play

CALGARY FIREMEN - 0 on 3 Attempt(s) - 0,00%
LOS ANGELES SEALS - 0 on 0 Attempt(s) - 0,00%

Penalty Kill

CALGARY FIREMEN - 0 on 0 Attempt(s) - 0,00% - Score 0 goal in Penalty Kill
LOS ANGELES SEALS - 3 on 3 Attempt(s) - 100,00% - Score 0 goal in Penalty Kill

Team Stat

CALGARY FIREMEN - Hits : 19 - Faceoff Wins : 39 - Blocked Shots : 5 - Penalty Minutes : 0
LOS ANGELES SEALS - Hits : 14 - Faceoff Wins : 39 - Blocked Shots : 6 - Penalty Minutes : 6

Official

Referees : Peter Tarnaris and Alex Garon
Linesman : Nikolaus Diehr and Mike Anderson

Game Notes

No Game Note

Finance

Level 1 -- Attendance: 6000 (100,00%) -- Ticket Income 600 000 $
Level 2 -- Attendance: 4137 (82,74%) -- Ticket Income 351 645 $
Level 3 -- Attendance: 1726 (86,30%) -- Ticket Income 103 560 $
Level 4 -- Attendance: 3007 (75,18%) -- Ticket Income 135 315 $
Luxury Box -- Attendance: 899 (89,90%) -- Ticket Income 224 750 $
Total Attendance: 15769 (87,61%)
Total Ticket Income: 1 415 270 $
Other Income: 438 734 $
Total Income: 1 854 004 $

CALGARY FIREMEN

5 vs 5 Forward 
   Center                   Left Wing                Right Wing               Time % Phy DF OF 
 1 Ryan Johansen            Filip Forsberg           Viktor Arvidsson         37     0   2  3  
 2 Elias Lindholm           Conor Sheary             Charlie Coyle            34     0   2  3  
 3 Luke Glendening          Artturi Lehkonen         Austin Watson            21     0   4  1  
 4 Colton Sceviour          Oskar Lindblom           Antoine Roussel          8      0   5  0  

5 vs 5 Defense 
   Defense                  Defense                                           Time % Phy DF OF 
 1 Marc-Edouard Vlasic      Jake Gardiner                                     37     0   4  1  
 2 Brent Seabrook           Andy Greene                                       34     0   4  1  
 3 Ian Cole                 Daniel Girardi                                    21     0   4  1  
 4 Andy Greene              Ian Cole                                          8      0   4  1  

PowerPlay Forward 
   Center                   Left Wing                Right Wing               Time % Phy DF OF 
 1 Ryan Johansen            Filip Forsberg           Viktor Arvidsson         50     0   0  5  
 2 Elias Lindholm           Conor Sheary             Charlie Coyle            50     0   0  5  

PowerPlay Defense
   Defense                  Defense                                           Time % Phy DF OF 
 1 Marc-Edouard Vlasic      Jake Gardiner                                     50     0   0  5  
 2 Brent Seabrook           Ian Cole                                          50     0   0  5  

Penalty Kill 4 Players Forward 
   Center                   Wing                     Time % Phy DF OF 
 1 Luke Glendening          Austin Watson            60     1   4  0  
 2 Colton Sceviour          Artturi Lehkonen         40     1   4  0  

Penalty Kill 4 Players Defense
   Defense                  Defense                  Time % Phy DF OF 
 1 Ian Cole                 Andy Greene              60     1   4  0  
 2 Daniel Girardi           Brent Seabrook           40     1   4  0  

Penalty Kill - 3 Players Forward 
   Forward                                           Time % Phy DF OF 
 1 Luke Glendening                                   50     0   5  0  
 2 Austin Watson                                     50     0   5  0  

Penalty Kill - 3 Players Defense
   Defense                  Defense                  Time % Phy DF OF 
 1 Marc-Edouard Vlasic      Brent Seabrook           50     0   5  0  
 2 Daniel Girardi           Ian Cole                 50     0   5  0  

4 vs 4 Forward 
   Center                   Wing                     Time % Phy DF OF 
 1 Elias Lindholm           Filip Forsberg           50     0   1  4  
 2 Charlie Coyle            Viktor Arvidsson         50     0   1  4  

4 vs 4 Defense
   Defense                  Defense                  Time % Phy DF OF 
 1 Marc-Edouard Vlasic      Jake Gardiner            50     1   2  2  
 2 Daniel Girardi           Ian Cole                 50     1   2  2  

Last Minutes Offensive
   Center                   Left Wing                Right Wing               Defense                  Defense                  
   Elias Lindholm           Filip Forsberg           Viktor Arvidsson         Jake Gardiner            Marc-Edouard Vlasic      

Last Minutes Defensive
   Center                   Left Wing                Right Wing               Defense                  Defense                  
   Elias Lindholm           Filip Forsberg           Viktor Arvidsson         Andy Greene              Ian Cole                 

Goaltenders
Starting : Devan Dubnyk             
Backup : Keith Kinkaid            

Extra Forwards
Normal : Charlie Coyle, Artturi Lehkonen, Colton Sceviour - PP : Filip Forsberg, Artturi Lehkonen - PK : Colton Sceviour
Extra Defensemen
Normal : Jake Gardiner, Marc-Edouard Vlasic, Daniel Girardi - PP : Daniel Girardi - PK : Marc-Edouard Vlasic, Daniel Girardi
Penalty Shots
Filip Forsberg, Charlie Coyle, Ryan Johansen, Viktor Arvidsson, Elias Lindholm
Custom OT Lines Forwards
Elias Lindholm, Filip Forsberg, Viktor Arvidsson, Charlie Coyle, Artturi Lehkonen, Conor Sheary, Colton Sceviour, Luke Glendening, Oskar Lindblom, Austin Watson
Custom OT Lines Defensemen
Marc-Edouard Vlasic, Jake Gardiner, Daniel Girardi, Brent Seabrook, Ian Cole

Scratches
Connor Brickley (Healthy), Marcus Sorensen (Healthy)

LOS ANGELES SEALS

5 vs 5 Forward 
   Center                   Left Wing                Right Wing               Time % Phy DF OF 
 1 Mark Scheifele           Logan Couture            Mikko Rantanen           39     0   1  4  
 2 Henrik Sedin             Erik Haula               Justin Williams          28     0   3  2  
 3 Adam Lowry               Mathieu Perreault        Brock Boeser             23     0   4  1  
 4 David Desharnais         Derek MacKenzie          Brock Boeser             10     3   1  1  

5 vs 5 Defense 
   Defense                  Defense                                           Time % Phy DF OF 
 1 Alex Goligoski           Esa Lindell                                       37     0   4  1  
 2 Dan Hamhuis              Shayne Gostisbehere                               28     0   4  1  
 3 Nick Holden              Stephen Johns                                     25     0   5  0  
 4 Nate Prosser             Stephen Johns                                     10     5   0  0  

PowerPlay Forward 
   Center                   Left Wing                Right Wing               Time % Phy DF OF 
 1 Mark Scheifele           Logan Couture            Mikko Rantanen           55     0   0  5  
 2 Erik Haula               Mathieu Perreault        Justin Williams          45     0   0  5  

PowerPlay Defense
   Defense                  Defense                                           Time % Phy DF OF 
 1 Shayne Gostisbehere      Esa Lindell                                       55     0   2  3  
 2 Dan Hamhuis              Shayne Gostisbehere                               45     0   2  3  

Penalty Kill 4 Players Forward 
   Center                   Wing                     Time % Phy DF OF 
 1 Adam Lowry               Mathieu Perreault        55     1   3  1  
 2 Mark Scheifele           Derek MacKenzie          45     1   4  0  

Penalty Kill 4 Players Defense
   Defense                  Defense                  Time % Phy DF OF 
 1 Dan Hamhuis              Stephen Johns            55     1   4  0  
 2 Alex Goligoski           Nick Holden              45     1   4  0  

Penalty Kill - 3 Players Forward 
   Forward                                           Time % Phy DF OF 
 1 Adam Lowry                                        55     1   4  0  
 2 Mark Scheifele                                    45     1   4  0  

Penalty Kill - 3 Players Defense
   Defense                  Defense                  Time % Phy DF OF 
 1 Esa Lindell              Stephen Johns            55     1   4  0  
 2 Alex Goligoski           Dan Hamhuis              45     1   4  0  

4 vs 4 Forward 
   Center                   Wing                     Time % Phy DF OF 
 1 Mark Scheifele           Logan Couture            55     0   2  3  
 2 Henrik Sedin             Brock Boeser             45     1   2  2  

4 vs 4 Defense
   Defense                  Defense                  Time % Phy DF OF 
 1 Stephen Johns            Alex Goligoski           55     0   3  2  
 2 Esa Lindell              Dan Hamhuis              45     1   2  2  

Last Minutes Offensive
   Center                   Left Wing                Right Wing               Defense                  Defense                  
   Mark Scheifele           Logan Couture            Mikko Rantanen           Esa Lindell              Shayne Gostisbehere      

Last Minutes Defensive
   Center                   Left Wing                Right Wing               Defense                  Defense                  
   David Desharnais         Adam Lowry               Justin Williams          Stephen Johns            Alex Goligoski           

Goaltenders
Starting : Jonathan Quick           
Backup : Antti Raanta             

Extra Forwards
Normal : Mark Scheifele, Logan Couture, Mikko Rantanen - PP : Mark Scheifele, Logan Couture - PK : Justin Williams
Extra Defensemen
Normal : Esa Lindell, Stephen Johns, Alex Goligoski - PP : Shayne Gostisbehere - PK : Stephen Johns, Alex Goligoski
Penalty Shots
Mark Scheifele, Justin Williams, Brock Boeser, Adam Lowry, Erik Haula
Custom OT Lines Forwards
Mark Scheifele, Justin Williams, Mikko Rantanen, Brock Boeser, Erik Haula, Logan Couture, Henrik Sedin, Mathieu Perreault, David Desharnais, Adam Lowry
Custom OT Lines Defensemen
Dan Hamhuis, Alex Goligoski, Stephen Johns, Esa Lindell, Nick Holden

Scratches
Austin Fyten (Healthy), Matt Lorito (Healthy), Zac Rinaldo (Healthy), Shane Conacher (Healthy), Phillip Danault (Bruised Right Shoulder Injury)

% Time on Ice - CALGARY FIREMEN

Lines # - Real PCT - Wanted PCT - Time Play
Normal Forward
1 - 33% - 37% - 17:51
2 - 30% - 34% - 16:01
3 - 23% - 21% - 12:26
4 - 14% - 8% - 7:45
Normal Defense
1 - 36% - 37% - 19:37
2 - 34% - 34% - 18:24
3 - 24% - 21% - 13:03
4 - 6% - 8% - 2:59
PP Forward
1 - 51% - 50% - 3:01
2 - 49% - 50% - 2:56
PP Defense
1 - 46% - 50% - 2:45
2 - 54% - 50% - 3:12
PK Forward
1 - 0% - 60%
2 - 0% - 40%
PK Defense
1 - 0% - 60%
2 - 0% - 40%
PK3 Forward
1 - 0% - 50%
2 - 0% - 50%
PK3 Defense
1 - 0% - 50%
2 - 0% - 50%
44 Forward
1 - 0% - 50%
2 - 0% - 50%
44 Defense
1 - 0% - 50%
2 - 0% - 50%
Last Minute Offensive  - 0:00
Last Minute Defensive  - 0:00
Total
Forward - 60:00
Defense - 60:00

% Time on Ice - LOS ANGELES SEALS

Lines # - Real PCT - Wanted PCT - Time Play
Normal Forward
1 - 39% - 39% - 21:19
2 - 28% - 28% - 15:15
3 - 23% - 23% - 12:21
4 - 9% - 10% - 5:08
Normal Defense
1 - 35% - 37% - 19:08
2 - 29% - 28% - 15:40
3 - 25% - 25% - 13:20
4 - 11% - 10% - 5:55
PP Forward
1 - 0% - 55%
2 - 0% - 45%
PP Defense
1 - 0% - 55%
2 - 0% - 45%
PK Forward
1 - 68% - 55% - 4:04
2 - 32% - 45% - 1:53
PK Defense
1 - 62% - 55% - 3:40
2 - 38% - 45% - 2:17
PK3 Forward
1 - 0% - 55%
2 - 0% - 45%
PK3 Defense
1 - 0% - 55%
2 - 0% - 45%
44 Forward
1 - 0% - 55%
2 - 0% - 45%
44 Defense
1 - 0% - 55%
2 - 0% - 45%
Last Minute Offensive  - 0:00
Last Minute Defensive  - 0:00
Total
Forward - 60:00
Defense - 60:00

Play-by-Play

1st period


0:01 of 1st period - Ryan Johansen wins face-off versus Mark Scheifele in neutral zone.
0:22 of 1st period - Mark Scheifele is hit by Filip Forsberg and loses puck.
0:31 of 1st period - Shot by Viktor Arvidsson.
0:31 of 1st period - Stopped by Jonathan Quick with a rebound.
0:33 of 1st period - Shot by Ryan Johansen.
0:33 of 1st period - Shot Misses the Net.
0:56 of 1st period - Icing by Jake Gardiner.
0:57 of 1st period - Ryan Johansen wins face-off versus Adam Lowry in CALGARY FIREMEN zone.
1:18 of 1st period - Shot by Elias Lindholm.
1:18 of 1st period - Deflect By Charlie Coyle.
1:18 of 1st period - Stopped by Jonathan Quick without a rebound.
1:19 of 1st period - Henrik Sedin wins face-off versus Luke Glendening in LOS ANGELES SEALS zone.
1:19 of 1st period - Henrik Sedin is hit by Austin Watson.
2:25 of 1st period - Shot by Stephen Johns.
2:25 of 1st period - Stopped by Devan Dubnyk without a rebound.
2:26 of 1st period - Adam Lowry wins face-off versus Colton Sceviour in CALGARY FIREMEN zone.
2:28 of 1st period - Mathieu Perreault is hit by Jake Gardiner and loses puck.
3:12 of 1st period - Off-side.
3:13 of 1st period - Mark Scheifele wins face-off versus Elias Lindholm in neutral zone.
4:11 of 1st period - Off-side.
4:12 of 1st period - Ryan Johansen wins face-off versus David Desharnais in neutral zone.
4:23 of 1st period - Shot by Filip Forsberg.
4:23 of 1st period - Stopped by Jonathan Quick without a rebound.
4:24 of 1st period - Henrik Sedin wins face-off versus Luke Glendening in LOS ANGELES SEALS zone.
4:59 of 1st period - Shot by Austin Watson.
4:59 of 1st period - Shot Blocked by Nate Prosser.
5:01 of 1st period - Shot by Luke Glendening.
5:01 of 1st period - Stopped by Jonathan Quick with a rebound.
5:03 of 1st period - Shot by Marc-Edouard Vlasic.
5:03 of 1st period - Shot Misses the Net.
5:19 of 1st period - Shot by Filip Forsberg.
5:19 of 1st period - Shot Misses the Net.
5:40 of 1st period - Ryan Johansen is hit by Stephen Johns and loses puck.
5:54 of 1st period - Viktor Arvidsson is hit by Stephen Johns and loses puck.
6:31 of 1st period - Shot by Elias Lindholm.
6:31 of 1st period - Stopped by Jonathan Quick with a rebound.
6:38 of 1st period - Charlie Coyle is hit by Stephen Johns and loses puck.
7:09 of 1st period - Icing by Jake Gardiner.
7:10 of 1st period - Mark Scheifele wins face-off versus Colton Sceviour in CALGARY FIREMEN zone.
7:15 of 1st period - Shot by Mark Scheifele.
7:15 of 1st period - Deflect By Logan Couture.
7:15 of 1st period - Shot Misses the Net.
7:29 of 1st period - Shot by Mark Scheifele.
7:29 of 1st period - Shot Misses the Net.
7:31 of 1st period - Shot by Logan Couture.
7:31 of 1st period - Shot Blocked by Marc-Edouard Vlasic.
7:56 of 1st period - Shot by Logan Couture.
7:56 of 1st period - Shot Hit the Post.
7:58 of 1st period - Shot by Alex Goligoski.
7:58 of 1st period - Stopped by Devan Dubnyk without a rebound.
7:59 of 1st period - Adam Lowry wins face-off versus Ryan Johansen in CALGARY FIREMEN zone.
8:14 of 1st period - Shot by Mathieu Perreault.
8:14 of 1st period - Shot Misses the Net.
9:39 of 1st period - Shot by Elias Lindholm.
9:39 of 1st period - Stopped by Jonathan Quick without a rebound.
9:40 of 1st period - Luke Glendening wins face-off versus David Desharnais in LOS ANGELES SEALS zone.
10:05 of 1st period - Shot by Luke Glendening.
10:05 of 1st period - Shot Misses the Net.
10:22 of 1st period - Esa Lindell is hit by Austin Watson and loses puck.
11:03 of 1st period - Shot by Mark Scheifele.
11:03 of 1st period - Shot Blocked by Andy Greene.
11:05 of 1st period - Shot by Mark Scheifele.
11:05 of 1st period - Stopped by Devan Dubnyk without a rebound.
11:06 of 1st period - Ryan Johansen wins face-off versus Henrik Sedin in CALGARY FIREMEN zone.
11:06 of 1st period - Ryan Johansen is hit by Justin Williams.
11:15 of 1st period - Filip Forsberg is hit by Stephen Johns and loses puck.
11:49 of 1st period - Viktor Arvidsson is hit by Stephen Johns and loses puck.
12:04 of 1st period - Shot by Elias Lindholm.
12:04 of 1st period - Stopped by Jonathan Quick without a rebound.
12:05 of 1st period - Mark Scheifele wins face-off versus Elias Lindholm in LOS ANGELES SEALS zone.
12:09 of 1st period - Off-side.
12:10 of 1st period - Mark Scheifele wins face-off versus Elias Lindholm in neutral zone.
12:45 of 1st period - Shot by Elias Lindholm.
12:45 of 1st period - Stopped by Jonathan Quick without a rebound.
12:46 of 1st period - Adam Lowry wins face-off versus Ryan Johansen in LOS ANGELES SEALS zone.
12:59 of 1st period - Shot by Mathieu Perreault.
12:59 of 1st period - Stopped by Devan Dubnyk without a rebound.
13:00 of 1st period - David Desharnais wins face-off versus Colton Sceviour in CALGARY FIREMEN zone.
13:15 of 1st period - Shot by Brock Boeser.
13:15 of 1st period - Stopped by Devan Dubnyk without a rebound.
13:16 of 1st period - Mark Scheifele wins face-off versus Ryan Johansen in CALGARY FIREMEN zone.
13:38 of 1st period - Mark Scheifele is hit by Daniel Girardi and loses puck.
14:34 of 1st period - Shot by Brock Boeser.
14:34 of 1st period - Shot Misses the Net.
14:41 of 1st period - Off-side.
14:42 of 1st period - Luke Glendening wins face-off versus Henrik Sedin in neutral zone.
14:48 of 1st period - Marc-Edouard Vlasic is hit by Alex Goligoski and loses puck.
15:17 of 1st period - Icing by Jake Gardiner.
15:18 of 1st period - Adam Lowry wins face-off versus Luke Glendening in CALGARY FIREMEN zone.
15:27 of 1st period - Shot by Adam Lowry.
15:27 of 1st period - Goal by Adam Lowry - CALGARY FIREMEN : 0 - LOS ANGELES SEALS : 1.
15:28 of 1st period - Elias Lindholm wins face-off versus Logan Couture in neutral zone.
15:32 of 1st period - Icing by Stephen Johns.
15:33 of 1st period - Ryan Johansen wins face-off versus Mark Scheifele in LOS ANGELES SEALS zone.
16:15 of 1st period - Shot by Filip Forsberg.
16:15 of 1st period - Stopped by Jonathan Quick without a rebound.
16:16 of 1st period - Elias Lindholm wins face-off versus Adam Lowry in LOS ANGELES SEALS zone.
16:31 of 1st period - Shot by Elias Lindholm.
16:31 of 1st period - Shot Misses the Net.
16:47 of 1st period - Shot by Mathieu Perreault.
16:47 of 1st period - Deflect By Brock Boeser.
16:47 of 1st period - Stopped by Devan Dubnyk without a rebound.
16:48 of 1st period - Henrik Sedin wins face-off versus Luke Glendening in CALGARY FIREMEN zone.
16:51 of 1st period - Shot by Justin Williams.
16:51 of 1st period - Stopped by Devan Dubnyk with a rebound.
17:20 of 1st period - Shot by Austin Watson.
17:20 of 1st period - Stopped by Jonathan Quick without a rebound.
17:21 of 1st period - Filip Forsberg wins face-off versus Mark Scheifele in LOS ANGELES SEALS zone.
17:22 of 1st period - Shot by Viktor Arvidsson.
17:22 of 1st period - Stopped by Jonathan Quick without a rebound.
17:23 of 1st period - Elias Lindholm wins face-off versus Mark Scheifele in LOS ANGELES SEALS zone.
17:49 of 1st period - Shot by Mark Scheifele.
17:49 of 1st period - Shot Misses the Net.
17:51 of 1st period - Shot by Stephen Johns.
17:51 of 1st period - Stopped by Devan Dubnyk with a rebound.
18:25 of 1st period - Icing by Brent Seabrook.
18:26 of 1st period - Henrik Sedin wins face-off versus Elias Lindholm in CALGARY FIREMEN zone.
18:33 of 1st period - Shot by Shayne Gostisbehere.
18:33 of 1st period - Goal by Shayne Gostisbehere - CALGARY FIREMEN : 0 - LOS ANGELES SEALS : 2.
18:34 of 1st period - Ryan Johansen wins face-off versus Adam Lowry in neutral zone.
18:37 of 1st period - Shot by Filip Forsberg.
18:37 of 1st period - Shot Misses the Net.
18:39 of 1st period - Shot by Ryan Johansen.
18:39 of 1st period - Shot Blocked by Adam Lowry.
19:15 of 1st period - Shot by Ryan Johansen.
19:15 of 1st period - Stopped by Jonathan Quick without a rebound.
19:16 of 1st period - Mark Scheifele wins face-off versus Luke Glendening in LOS ANGELES SEALS zone.
19:30 of 1st period - Austin Watson is hit by Stephen Johns and loses puck.
19:49 of 1st period - Shot by Luke Glendening.
19:49 of 1st period - Stopped by Jonathan Quick without a rebound.
19:50 of 1st period - Henrik Sedin wins face-off versus Colton Sceviour in LOS ANGELES SEALS zone.
Goals for this period are 0 for CALGARY FIREMEN vs 2 for LOS ANGELES SEALS.
Shots for this period are 13 for CALGARY FIREMEN vs 10 for LOS ANGELES SEALS.

2nd period


0:01 of 2nd period - Ryan Johansen wins face-off versus David Desharnais in neutral zone.
0:04 of 2nd period - David Desharnais is hit by Ryan Johansen and loses puck.
0:19 of 2nd period - Shot by Brock Boeser.
0:19 of 2nd period - Stopped by Devan Dubnyk without a rebound.
0:20 of 2nd period - Mark Scheifele wins face-off versus Elias Lindholm in CALGARY FIREMEN zone.
0:32 of 2nd period - Minor Penalty to Dan Hamhuis for Tripping.
0:33 of 2nd period - Ryan Johansen wins face-off versus Adam Lowry in LOS ANGELES SEALS zone.
1:17 of 2nd period - Off-side.
1:18 of 2nd period - Adam Lowry wins face-off versus Charlie Coyle in neutral zone.
1:58 of 2nd period - Shot by Elias Lindholm.
1:58 of 2nd period - Stopped by Jonathan Quick with a rebound.
2:00 of 2nd period - Shot by Marc-Edouard Vlasic.
2:00 of 2nd period - Shot Blocked by Alex Goligoski.
2:02 of 2nd period - Shot by Elias Lindholm.
2:02 of 2nd period - Shot Misses the Net.
2:04 of 2nd period - Shot by Marc-Edouard Vlasic.
2:04 of 2nd period - Stopped by Jonathan Quick without a rebound.
2:05 of 2nd period - Adam Lowry wins face-off versus Filip Forsberg in LOS ANGELES SEALS zone.
2:05 of 2nd period - Mathieu Perreault is hit by Filip Forsberg and loses puck.
2:18 of 2nd period - Esa Lindell is hit by Filip Forsberg and loses puck.
3:01 of 2nd period - Shot by Luke Glendening.
3:01 of 2nd period - Deflect By Artturi Lehkonen.
3:01 of 2nd period - Shot Blocked by Justin Williams.
3:21 of 2nd period - Shot by Oskar Lindblom.
3:21 of 2nd period - Stopped by Jonathan Quick without a rebound.
3:22 of 2nd period - Ryan Johansen wins face-off versus Mark Scheifele in LOS ANGELES SEALS zone.
3:23 of 2nd period - Shot by Filip Forsberg.
3:23 of 2nd period - Shot Misses the Net.
3:37 of 2nd period - Shot by Filip Forsberg.
3:37 of 2nd period - Stopped by Jonathan Quick without a rebound.
3:38 of 2nd period - Adam Lowry wins face-off versus Elias Lindholm in LOS ANGELES SEALS zone.
3:52 of 2nd period - Icing by Brent Seabrook.
3:53 of 2nd period - Elias Lindholm wins face-off versus Mark Scheifele in CALGARY FIREMEN zone.
3:58 of 2nd period - Shot by Charlie Coyle.
3:58 of 2nd period - Shot Misses the Net.
4:19 of 2nd period - Shot by Elias Lindholm.
4:19 of 2nd period - Stopped by Jonathan Quick without a rebound.
4:20 of 2nd period - Adam Lowry wins face-off versus Ryan Johansen in LOS ANGELES SEALS zone.
4:27 of 2nd period - Icing by Filip Forsberg.
4:28 of 2nd period - Ryan Johansen wins face-off versus Adam Lowry in CALGARY FIREMEN zone.
4:28 of 2nd period - Ryan Johansen is hit by Adam Lowry.
4:58 of 2nd period - Adam Lowry is hit by Filip Forsberg and loses puck.
5:11 of 2nd period - Shot by Filip Forsberg.
5:11 of 2nd period - Shot Misses the Net.
5:13 of 2nd period - Shot by Marc-Edouard Vlasic.
5:13 of 2nd period - Stopped by Jonathan Quick without a rebound.
5:14 of 2nd period - Elias Lindholm wins face-off versus Mark Scheifele in LOS ANGELES SEALS zone.
5:38 of 2nd period - Icing by Andy Greene.
5:39 of 2nd period - Elias Lindholm wins face-off versus Henrik Sedin in CALGARY FIREMEN zone.
5:50 of 2nd period - Shot by Elias Lindholm.
5:50 of 2nd period - Deflect By Charlie Coyle.
5:50 of 2nd period - Shot Blocked by Dan Hamhuis.
5:54 of 2nd period - Shot by Elias Lindholm.
5:54 of 2nd period - Stopped by Jonathan Quick without a rebound.
5:55 of 2nd period - Mark Scheifele wins face-off versus Ryan Johansen in LOS ANGELES SEALS zone.
5:55 of 2nd period - Mark Scheifele is hit by Filip Forsberg.
7:17 of 2nd period - Shot by Brock Boeser.
7:17 of 2nd period - Shot Misses the Net.
7:19 of 2nd period - Shot by Brock Boeser.
7:19 of 2nd period - Shot Misses the Net.
7:39 of 2nd period - Shot by David Desharnais.
7:39 of 2nd period - Shot Misses the Net.
7:54 of 2nd period - Shot by Henrik Sedin.
7:54 of 2nd period - Goal by Henrik Sedin - CALGARY FIREMEN : 0 - LOS ANGELES SEALS : 3.
7:55 of 2nd period - Elias Lindholm wins face-off versus Henrik Sedin in neutral zone.
8:06 of 2nd period - Erik Haula is hit by Daniel Girardi and loses puck.
8:34 of 2nd period - Shot by Justin Williams.
8:34 of 2nd period - Stopped by Devan Dubnyk without a rebound.
8:35 of 2nd period - Ryan Johansen wins face-off versus Mark Scheifele in CALGARY FIREMEN zone.
9:05 of 2nd period - Shot by Filip Forsberg.
9:05 of 2nd period - Deflect By Viktor Arvidsson.
9:05 of 2nd period - Stopped by Jonathan Quick with a rebound.
9:07 of 2nd period - Shot by Filip Forsberg.
9:07 of 2nd period - Goal by Filip Forsberg - CALGARY FIREMEN : 1 - LOS ANGELES SEALS : 3.
9:08 of 2nd period - Adam Lowry wins face-off versus Colton Sceviour in neutral zone.
9:08 of 2nd period - Mathieu Perreault is hit by Antoine Roussel and loses puck.
9:27 of 2nd period - Shot by Brock Boeser.
9:27 of 2nd period - Stopped by Devan Dubnyk without a rebound.
9:28 of 2nd period - Elias Lindholm wins face-off versus Henrik Sedin in CALGARY FIREMEN zone.
9:47 of 2nd period - Icing by Nick Holden.
9:48 of 2nd period - Ryan Johansen wins face-off versus Henrik Sedin in LOS ANGELES SEALS zone.
10:21 of 2nd period - Shot by Erik Haula.
10:21 of 2nd period - Deflect By Henrik Sedin.
10:21 of 2nd period - Shot Misses the Net.
10:45 of 2nd period - Icing by Mark Scheifele.
10:46 of 2nd period - Elias Lindholm wins face-off versus Mark Scheifele in LOS ANGELES SEALS zone.
10:55 of 2nd period - Shot by Elias Lindholm.
10:55 of 2nd period - Stopped by Jonathan Quick without a rebound.
10:56 of 2nd period - Mathieu Perreault wins face-off versus Luke Glendening in LOS ANGELES SEALS zone.
11:00 of 2nd period - Minor Penalty to Adam Lowry for Hooking.
11:01 of 2nd period - Elias Lindholm wins face-off versus Justin Williams in LOS ANGELES SEALS zone.
12:11 of 2nd period - Shot by Ryan Johansen.
12:11 of 2nd period - Shot Blocked by Alex Goligoski.
12:13 of 2nd period - Shot by Filip Forsberg.
12:13 of 2nd period - Shot Misses the Net.
13:19 of 2nd period - Shot by Mark Scheifele.
13:19 of 2nd period - Stopped by Devan Dubnyk without a rebound.
13:20 of 2nd period - Colton Sceviour wins face-off versus Adam Lowry in CALGARY FIREMEN zone.
14:13 of 2nd period - Minor Penalty to Dan Hamhuis for Slashing.
14:14 of 2nd period - Mark Scheifele wins face-off versus Elias Lindholm in LOS ANGELES SEALS zone.
16:32 of 2nd period - Austin Watson is hit by Shayne Gostisbehere and loses puck.
16:52 of 2nd period - Shot by Artturi Lehkonen.
16:52 of 2nd period - Shot Misses the Net.
16:54 of 2nd period - Shot by Daniel Girardi.
16:54 of 2nd period - Shot Misses the Net.
18:53 of 2nd period - Shot by Filip Forsberg.
18:53 of 2nd period - Stopped by Jonathan Quick with a rebound.
18:55 of 2nd period - Shot by Viktor Arvidsson.
18:55 of 2nd period - Stopped by Jonathan Quick without a rebound.
18:56 of 2nd period - Luke Glendening wins face-off versus Henrik Sedin in LOS ANGELES SEALS zone.
19:02 of 2nd period - Luke Glendening is hit by Stephen Johns and loses puck.
19:43 of 2nd period - Off-side.
19:44 of 2nd period - Ryan Johansen wins face-off versus Adam Lowry in neutral zone.
19:49 of 2nd period - Shot by Filip Forsberg.
19:49 of 2nd period - Stopped by Jonathan Quick without a rebound.
19:50 of 2nd period - Elias Lindholm wins face-off versus Adam Lowry in LOS ANGELES SEALS zone.
19:50 of 2nd period - Conor Sheary is hit by Alex Goligoski.
Goals for this period are 1 for CALGARY FIREMEN vs 1 for LOS ANGELES SEALS.
Shots for this period are 13 for CALGARY FIREMEN vs 5 for LOS ANGELES SEALS.

3rd period


0:01 of 3rd period - Mark Scheifele wins face-off versus Ryan Johansen in neutral zone.
0:40 of 3rd period - Shot by Mark Scheifele.
0:40 of 3rd period - Shot Misses the Net.
0:58 of 3rd period - Icing by Brent Seabrook.
0:59 of 3rd period - Ryan Johansen wins face-off versus Brock Boeser in CALGARY FIREMEN zone.
1:20 of 3rd period - Shot by Adam Lowry.
1:20 of 3rd period - Stopped by Devan Dubnyk without a rebound.
1:21 of 3rd period - Elias Lindholm wins face-off versus Henrik Sedin in CALGARY FIREMEN zone.
1:40 of 3rd period - Shot by Justin Williams.
1:40 of 3rd period - Stopped by Devan Dubnyk without a rebound.
1:41 of 3rd period - Adam Lowry wins face-off versus Luke Glendening in CALGARY FIREMEN zone.
1:42 of 3rd period - Shot by Mathieu Perreault.
1:42 of 3rd period - Stopped by Devan Dubnyk without a rebound.
1:43 of 3rd period - Adam Lowry wins face-off versus Luke Glendening in CALGARY FIREMEN zone.
1:58 of 3rd period - Icing by Adam Lowry.
1:59 of 3rd period - Adam Lowry wins face-off versus Elias Lindholm in LOS ANGELES SEALS zone.
2:08 of 3rd period - Shot by Adam Lowry.
2:08 of 3rd period - Stopped by Devan Dubnyk without a rebound.
2:09 of 3rd period - Ryan Johansen wins face-off versus Henrik Sedin in CALGARY FIREMEN zone.
2:40 of 3rd period - Shot by Henrik Sedin.
2:40 of 3rd period - Shot Blocked by Filip Forsberg.
2:52 of 3rd period - Shot by Justin Williams.
2:52 of 3rd period - Shot Misses the Net.
3:35 of 3rd period - Shot by Mark Scheifele.
3:35 of 3rd period - Deflect By Mikko Rantanen.
3:35 of 3rd period - Stopped by Devan Dubnyk with a rebound.
3:44 of 3rd period - Icing by Mark Scheifele.
3:45 of 3rd period - Luke Glendening wins face-off versus Mark Scheifele in LOS ANGELES SEALS zone.
5:15 of 3rd period - Icing by Adam Lowry.
5:16 of 3rd period - Adam Lowry wins face-off versus Elias Lindholm in LOS ANGELES SEALS zone.
5:26 of 3rd period - Charlie Coyle is hit by Stephen Johns and loses puck.
7:37 of 3rd period - Shot by Viktor Arvidsson.
7:37 of 3rd period - Shot Hit the Post.
8:54 of 3rd period - Shot by Mikko Rantanen.
8:54 of 3rd period - Shot Misses the Net.
9:08 of 3rd period - Icing by Shayne Gostisbehere.
9:09 of 3rd period - Mark Scheifele wins face-off versus Elias Lindholm in LOS ANGELES SEALS zone.
10:07 of 3rd period - Icing by Brock Boeser.
10:08 of 3rd period - David Desharnais wins face-off versus Colton Sceviour in LOS ANGELES SEALS zone.
10:08 of 3rd period - David Desharnais is hit by Antoine Roussel.
10:20 of 3rd period - Shot by Brock Boeser.
10:20 of 3rd period - Shot Blocked by Brent Seabrook.
10:28 of 3rd period - Shot by Brock Boeser.
10:28 of 3rd period - Shot Misses the Net.
10:30 of 3rd period - Shot by Nick Holden.
10:30 of 3rd period - Shot Blocked by Brent Seabrook.
11:42 of 3rd period - Shot by Charlie Coyle.
11:42 of 3rd period - Shot Misses the Net.
11:46 of 3rd period - Shot by Charlie Coyle.
11:46 of 3rd period - Stopped by Jonathan Quick without a rebound.
11:47 of 3rd period - Ryan Johansen wins face-off versus Brock Boeser in LOS ANGELES SEALS zone.
11:48 of 3rd period - Shot by Filip Forsberg.
11:48 of 3rd period - Stopped by Jonathan Quick without a rebound.
11:49 of 3rd period - Mark Scheifele wins face-off versus Elias Lindholm in LOS ANGELES SEALS zone.
12:04 of 3rd period - Shot by Logan Couture.
12:04 of 3rd period - Shot Misses the Net.
12:06 of 3rd period - Shot by Mark Scheifele.
12:06 of 3rd period - Stopped by Devan Dubnyk without a rebound.
12:07 of 3rd period - Adam Lowry wins face-off versus Viktor Arvidsson in CALGARY FIREMEN zone.
12:25 of 3rd period - Icing by Adam Lowry.
12:26 of 3rd period - Adam Lowry wins face-off versus Elias Lindholm in LOS ANGELES SEALS zone.
12:37 of 3rd period - Shot by Brock Boeser.
12:37 of 3rd period - Stopped by Devan Dubnyk without a rebound.
12:38 of 3rd period - Ryan Johansen wins face-off versus Henrik Sedin in CALGARY FIREMEN zone.
12:43 of 3rd period - Nick Holden is hit by Ryan Johansen and loses puck.
13:01 of 3rd period - Nick Holden is hit by Viktor Arvidsson and loses puck.
13:06 of 3rd period - Shot by Viktor Arvidsson.
13:06 of 3rd period - Stopped by Jonathan Quick with a rebound.
13:22 of 3rd period - Shot by Viktor Arvidsson.
13:22 of 3rd period - Deflect By Ryan Johansen.
13:22 of 3rd period - Stopped by Jonathan Quick without a rebound.
13:23 of 3rd period - Mark Scheifele wins face-off versus Conor Sheary in LOS ANGELES SEALS zone.
13:34 of 3rd period - Shot by Elias Lindholm.
13:34 of 3rd period - Stopped by Jonathan Quick without a rebound.
13:35 of 3rd period - Austin Watson wins face-off versus Adam Lowry in LOS ANGELES SEALS zone.
13:59 of 3rd period - Icing by Austin Watson.
14:00 of 3rd period - Mark Scheifele wins face-off versus Luke Glendening in CALGARY FIREMEN zone.
14:25 of 3rd period - Artturi Lehkonen is hit by Alex Goligoski and loses puck.
16:36 of 3rd period - Shot by Mathieu Perreault.
16:36 of 3rd period - Stopped by Devan Dubnyk with a rebound.
16:41 of 3rd period - Adam Lowry is hit by Daniel Girardi and loses puck.
16:55 of 3rd period - Icing by Ian Cole.
16:56 of 3rd period - Ryan Johansen wins face-off versus Mark Scheifele in CALGARY FIREMEN zone.
17:42 of 3rd period - Logan Couture is hit by Andy Greene.
18:20 of 3rd period - Shot by Brock Boeser.
18:20 of 3rd period - Shot Hit the Post.
19:00 of 3rd period - Shot by Conor Sheary.
19:00 of 3rd period - Stopped by Jonathan Quick with a rebound.
19:02 of 3rd period - Shot by Andy Greene.
19:02 of 3rd period - Stopped by Jonathan Quick without a rebound.
19:03 of 3rd period - Ryan Johansen wins face-off versus Henrik Sedin in LOS ANGELES SEALS zone.
19:13 of 3rd period - Icing by Dan Hamhuis.
19:14 of 3rd period - Henrik Sedin wins face-off versus Elias Lindholm in LOS ANGELES SEALS zone.
19:14 of 3rd period - Henrik Sedin is hit by Charlie Coyle.
19:30 of 3rd period - Icing by Daniel Girardi.
19:31 of 3rd period - Conor Sheary wins face-off versus Mark Scheifele in CALGARY FIREMEN zone.
19:39 of 3rd period - Mark Scheifele is hit by Ian Cole and loses puck.
19:46 of 3rd period - Shot by Mikko Rantanen.
19:46 of 3rd period - Stopped by Devan Dubnyk without a rebound.
19:47 of 3rd period - Adam Lowry wins face-off versus Ryan Johansen in CALGARY FIREMEN zone.
Goals for this period are 0 for CALGARY FIREMEN vs 0 for LOS ANGELES SEALS.
Shots for this period are 7 for CALGARY FIREMEN vs 9 for LOS ANGELES SEALS.


SEBASTIAN
AHO
MARK
SCHEIFELE
JAKE
OETTINGER

EAST COAST

HOCKEY LEAGUE

  • 17.QUE3CHI2
  • 18.CHA2LIM4
  • 19.TRV3LON2
  • 20.CHW1BAL2
  • 21.PITMAN
  • 22.ATLNHW
  • 23.WORPET
  • 24.RHI